cohdb
Replays
Latest Replays
All Replays
Popular Replays
Top Player Replays
Match Explorer
How It Works
Community
CoH3 Stats
Reddit
Sign in to upload your games and track your stats! →
Sign in with Steam
Match 41162049
Unlisted
Match 41162049
Overview
Messages
Build Orders
End
Scout Squad
Construct Barracks
Selects Heavy Weapons
Riflemen Squad
Riflemen Squad
Riflemen Squad
Infantry Support Center
Construct Medical Station
Selects Assault Carriers
Construct Weapon Support Center
Engineer Squad
M3 Assault Carrier
Selects Exchangeable Parts
M1918 Browning Automatic Rifles
Grenade Package
Construct Motor Pool
M1 Anti-tank Gun Team
Advanced Logistics
Bazooka Squad
Bazooka Squad
Survival Training
Riflemen Squad
M24 Chaffee Light Tank
Engineer Squad
Selects M26 Pershing Heavy Tank
Selects M2HB .50cal Heavy Machine Gun
M1919 Machine Gun Team
M26 Pershing Heavy Tank
N7 SHARK
Turtleboy
0
0
Comments
sign in to comment!
No comments posted yet!